 Dungeon Crawl Stone Soup version 0.19-a0-414-g76fec5b (webtiles) character file.

19062 Leszczynek the Basher (level 12, -3/105 HPs)
             Began as a Naga Transmuter on May 31, 2016.
             Was a High Priest of Okawaru.
             Slain by Duffy's ghost (9 damage)
             ... on level 2 of the Lair of Beasts on June 1, 2016.
             The game lasted 01:01:20 (17414 turns).

Leszczynek the Basher (Naga Transmuter)            Turns: 17414, Time: 01:01:21

Health: -3/105     AC:  2    Str: 14    XL:     12   Next: 65%
Magic:  14/16      EV:  5    Int: 15    God:    Okawaru [*****.]
Gold:   779        SH:  0    Dex: 19    Spells: 7 memorised, 3 levels left

rFire  . . .     SeeInvis +       - Unarmed
rCold  + . .     Gourm    .     (armour currently unavailable)
rNeg   + + +     Faith    .     (shield currently unavailable)
rPois  ∞         Spirit   .     (helmet currently unavailable)
rElec  .         Dismiss  .     (cloak currently unavailable)
rCorr  .         Reflect  +     (gloves currently unavailable)
SustAt .         Harm     .     (no barding)
MR     +....                    f - +3 amulet of reflection
Stlth  ++++......               F - ring of protection from cold
                                U - ring of wizardry

@: lethally poisoned (-3 -> -3), spider-form, petrified, somewhat resistant to
hostile enchantments, stealthy
A: see invisible, (deformed body), (poison resistance), (slowness 0), slow
metabolism 1, spit poison 3, AC +4
a: Breathe Poison Gas, End Transformation, Heroism, Finesse, Renounce Religion


You were on level 2 of the Lair of Beasts.
You worshipped Okawaru.
Okawaru was extremely pleased with you.
You were hungry.
You were a venomous arachnid creature.
You visited 3 branches of the dungeon, and saw 15 of its levels.

You collected 779 gold pieces.

Inventory:

Hand Weapons
 y - a +0 blowgun
 C - a cursed -1 great mace
 R - a +0 morningstar (melded)
Missiles
 a - 283 arrows
 s - 18 tomahawks (quivered)
 t - 10 javelins
 w - 7 silver tomahawks
 x - 9 curare-tipped needles
 B - 8 silver javelins
 H - 7 javelins of returning
 O - a throwing net
 Y - 2 needles of confusion
Armour
 b - a +1 pair of gloves of archery (melded)
 z - a +0 shield
 I - a +0 cloak (melded)
 M - a +1 hat (melded)
 P - a +1 ring mail of magic resistance (melded)
 Q - a +0 buckler (melded)
Jewellery
 f - a +3 amulet of reflection (around neck)
 l - an uncursed ring of sustain attributes
 F - a ring of protection from cold (right front leg)
 U - a ring of wizardry (left front leg)
Wands
 i - a wand of confusion (21/48)
 k - a wand of digging (10/24)
 K - a wand of disintegration (12/24)
 N - a wand of digging (8/24)
Scrolls
 c - a scroll of enchant armour
 e - 3 scrolls of blinking
 n - a scroll of identify
 u - 8 scrolls of remove curse
 v - a scroll of enchant weapon
 S - a scroll of holy word
 T - a scroll of teleportation
Potions
 h - a potion of cancellation
 j - 2 potions of cure mutation
 m - 4 potions of resistance
 p - a potion of invisibility
 q - a potion of might
 r - 11 potions of curing
 A - 2 potions of flight
 D - 3 potions of heal wounds
 E - 3 potions of degeneration {unknown}
 G - 2 potions of magic
 L - 2 potions of agility
 W - 2 potions of brilliance {unknown}
Comestibles
 d - 12 bread rations
 g - 4 fruits
 o - 9 meat rations
 J - 6 chunks of flesh


   Skills:
 + Level 6.2 Fighting
   Level 4.4(9.3) Axes
 * Level 12.4(12.7) Maces & Flails
 + Level 9.0 Throwing
 - Level 2.1 Armour
 - Level 1.5 Dodging
 - Level 4.5 Stealth
 - Level 2.4 Shields
 - Level 3.0 Unarmed Combat
 - Level 2.0 Spellcasting
 - Level 2.4 Translocations
 - Level 5.1 Transmutations
 - Level 5.1 Poison Magic
 - Level 6.0 Invocations


You had 3 spell levels left.
You knew the following spells:

 Your Spells              Type           Power        Failure   Level  Hunger
a - Beastly Appendage     Tmut           ###...       4%          1    #......
b - Sticks to Snakes      Tmut           ###.....     6%          2    ###....
c - Spider Form           Tmut/Pois      ###.......   10%         3    ###....
d - Apportation           Tloc           #.........   12%         1    #......
e - Animate Skeleton      Necr           N/A          17%         1    #......
f - Blink                 Tloc           N/A          13%         2    ###....
g - Repel Missiles        Chrm/Air       #.....       26%         2    ###....


Dungeon Overview and Level Annotations

Branches:
Dungeon (12/15)            Temple (1/1) D:6            Lair (2/8) D:11
    Orc (0/2) D:12

Altars:
Ashenzari
Cheibriados
Dithmenos
Elyvilon
Fedhas
Gozag
Hepliaklqana
Kikubaaqudgha
Makhleb
Nemelex Xobeh
Okawaru
Pakellas
Qazlal
Ru
Trog
Uskayaw
Vehumet
Xom
Yredelemnul
Zin
The Shining One

Shops:
D:11 [   D:12 (

Annotations:
D:8 DEFE's ghost, novice DEFi
Lair:2 Duffy's ghost, journeyman GrEE


Innate Abilities, Weirdness & Mutations

You cannot wear boots.
((Your serpentine skin is tough (AC +4).))
You have supernaturally acute eyesight. (SInv)
((Armour fits poorly on your strangely shaped body.))
((Your system is resistant to poisons. (rPois)))
((You cover ground very slowly.))
You have a slow metabolism.
You can exhale a cloud of poison.


Message History

Your limbs are stiffening.
The spiny frog stings you.
You are poisoned.
The spiny frog poisons you!
You have turned to stone.
The spiny frog stings you! Duffy's ghost hits you!! The spiny frog stings you!!
Duffy's ghost hits you!!
* * * LOW HITPOINT WARNING * * *
The spiny frog stings you!
* * * LOW HITPOINT WARNING * * *
Duffy's ghost hits you!
* * * LOW HITPOINT WARNING * * *
The spiny frog completely misses you. The spiny frog stings you!
* * * LOW HITPOINT WARNING * * *
Duffy's ghost casts a spell at you. You resist with some effort.
The spiny frog stings you.
* * * LOW HITPOINT WARNING * * *
Duffy's ghost hits you!!
You die...

#.. ................#
##..............# .
P...............### .. ...
.................P#.. ...
...............(...# ....
.................# ### .....
#................###.#####.....
#..............Fs..............
#..%...........W.......<.......
...............)...............
...............................
...............................
#.............................#
..............................#
#..................#.####......
P..................#.P#.##.....


You could see a spiny frog and Duffy's ghost.

Vanquished Creatures
  Josephine (D:10)
  3 unseen horrors
  A hill giant (D:12)
  A manticore (D:11)
  An ugly thing (D:12)
  2 centaur zombies (D:12)
  A torpor snail (Lair:1)
  A gargoyle (D:12)
  3 spiny frogs (Lair:1)
  A rime drake (Lair:2)
  2 two-headed ogres
  2 slime creatures
  Sigmund (D:3)
  4 wraiths (D:10)
  A spriggan (D:7)
  8 yaks
  3 hippogriffs
  3 hungry ghosts
  2 porcupines (Lair:1)
  A water moccasin (Lair:2)
  An eye of draining (D:11)
  5 orc warriors
  2 sky beasts (D:11)
  12 ice beasts
  A wasp (D:10)
  8 ogres
  5 crocodiles
  11 centaurs
  5 big kobolds
  2 gnoll sergeants (D:12)
  10 giant frogs
  A wyvern zombie (D:6)
  4 scorpions
  11 killer bees
  9 wights (D:7)
  An electric eel (Lair:1)
  6 crimson imps
  6 howler monkeys
  3 giant frog zombies
  A jelly (D:6)
  6 hounds
  A gnoll shaman (D:5)
  Crazy Yiuf (D:6)
  2 giant frog skeletons
  2 orc priests
  4 centaur skeletons
  9 iguanas
  8 worker ants
  12 orc wizards
  2 hound skeletons
  A worker ant zombie (D:6)
  12 adders
  17 gnolls
  26 river rats
  4 shadow imps
  3 white imps (D:11)
  3 oozes
  2 adder skeletons
  A worm (D:2)
  6 giant geckos
  41 orcs
  8 giant cockroaches
  17 hobgoblins
  11 jackals
  37 kobolds
  5 quokkas
  5 ball pythons
  17 bats
  2 giant cockroach zombies (D:6)
  8 giant newts
  18 goblins
  A quokka skeleton (D:7)
  13 rats
451 creatures vanquished.

Vanquished Creatures (collateral kills)
  A hungry ghost (D:7)
  An ice beast (D:5)
  A killer bee (D:8)
  A centaur skeleton (D:4)
  A dart slug (D:1)
5 creatures vanquished.

Vanquished Creatures (others)
  A crimson imp (D:11)
  2 fungi
3 creatures vanquished.

Grand Total: 459 creatures vanquished

Notes
Turn   | Place    | Note
--------------------------------------------------------------
     0 | D:1      | Leszczynek the Naga Transmuter began the quest for the Orb.
     0 | D:1      | Reached XP level 1. HP: 18/18 MP: 3/3
    34 | D:1      | Reached skill level 1 in Stealth
   268 | D:1      | Reached XP level 2. HP: 24/25 MP: 5/5
   656 | D:1      | Learned a level 2 spell: Sticks to Snakes
   917 | D:1      | Reached XP level 3. HP: 18/31 MP: 1/6
  1253 | D:1      | Gained mutation: You can exhale a cloud of poison. [potion of beneficial mutation]
  1260 | D:1      | Learned a level 3 spell: Spider Form
  1637 | D:2      | Reached XP level 4. HP: 38/38 MP: 7/7
  2504 | D:2      | Reached XP level 5. HP: 43/44 MP: 8/8
  2610 | D:3      | Reached skill level 1 in Poison Magic
  2728 | D:3      | Noticed Sigmund
  2738 | D:3      | Killed Sigmund
  2738 | D:3      | Reached XP level 6. HP: 27/51 MP: 4/9
  3738 | D:4      | Reached skill level 5 in Transmutations
  3837 | D:4      | Found a blossoming altar of Fedhas.
  3890 | D:4      | Reached XP level 7. HP: 52/60 MP: 10/10
  3976 | D:4      | Found a shattered altar of Ashenzari.
  4514 | D:5      | Entered Level 5 of the Dungeon
  4740 | D:5      | Reached skill level 1 in Axes
  5062 | D:5      | Reached skill level 1 in Armour
  5302 | D:5      | Reached XP level 8. HP: 70/72 MP: 11/11
  5743 | D:6      | Found a staircase to the Ecumenical Temple.
  5751 | Temple   | Entered the Ecumenical Temple
  5803 | Temple   | Became a worshipper of Warmaster Okawaru
  6141 | D:6      | Noticed Crazy Yiuf
  6155 | D:6      | Killed Crazy Yiuf
  6207 | D:6      | Reached skill level 1 in Maces & Flails
  6207 | D:6      | Reached skill level 1 in Shields
  6212 | D:6      | Reached * piety under Okawaru
  6212 | D:6      | Reached skill level 2 in Maces & Flails
  6704 | D:6      | Reached skill level 3 in Maces & Flails
  6941 | D:7      | Learned a level 1 spell: Apportation
  6943 | D:7      | Learned a level 1 spell: Animate Skeleton
  6996 | D:7      | Reached skill level 4 in Maces & Flails
  6996 | D:7      | Reached XP level 9. HP: 78/78 MP: 12/12
  7058 | D:7      | Reached skill level 5 in Maces & Flails
  7299 | D:7      | Learned a level 2 spell: Blink
  7302 | D:7      | Learned a level 2 spell: Repel Missiles
  7371 | D:7      | Reached skill level 6 in Maces & Flails
  7572 | D:7      | Reached ** piety under Okawaru
  7842 | D:7      | Reached skill level 7 in Maces & Flails
  8385 | D:8      | Found an opulent altar of Gozag.
  8414 | D:8      | Reached skill level 8 in Maces & Flails
  8694 | D:8      | Reached skill level 1 in Throwing
  8745 | D:8      | Reached *** piety under Okawaru
  8745 | D:8      | Reached skill level 9 in Maces & Flails
  8840 | D:8      | Reached XP level 10. HP: 67/85 MP: 13/13
  9704 | D:8      | Noticed DEFE's ghost (novice DEFi)
  9793 | D:9      | Reached skill level 5 in Poison Magic
  9861 | D:9      | Found a basalt altar of Yredelemnul.
  9978 | D:9      | Found a white marble altar of Elyvilon.
 10102 | D:9      | Reached skill level 10 in Maces & Flails
 10131 | D:9      | Reached **** piety under Okawaru
 10557 | D:10     | Entered Level 10 of the Dungeon
 10673 | D:10     | Noticed an unseen horror
 10698 | D:10     | Killed an unseen horror
 10703 | D:10     | Reached skill level 5 in Throwing
 10766 | D:10     | Received a gift from Okawaru
 11041 | D:10     | Reached XP level 11. HP: 84/91 MP: 14/14
 11085 | D:10     | You fall through a shaft for 2 floors!
 11169 | D:12     | Found Aryhuita's Antique Weapon Shop.
 11308 | D:12     | Noticed a hill giant
 11328 | D:12     | Killed a hill giant
 11328 | D:12     | Reached ***** piety under Okawaru
 11508 | D:11     | Found a staircase to the Lair.
 11593 | D:11     | Reached skill level 5 in Invocations
 11756 | D:11     | Noticed a manticore
 11775 | D:11     | Killed a manticore
 11841 | D:11     | Noticed an unseen horror
 11858 | D:11     | Killed an unseen horror
 12077 | D:10     | Noticed Josephine
 12092 | D:10     | Killed Josephine
 12560 | D:11     | Found Iclaguk's Armour Boutique.
 12830 | D:11     | Reached skill level 1 in Translocations
 12921 | D:11     | Identified the Handbook of the Arsonist and the Entourage (You took it off a crimson imp on level 11 of the Dungeon)
 12946 | D:11     | Noticed an unseen horror
 12972 | D:11     | Killed an unseen horror
 12972 | D:11     | Reached skill level 11 in Maces & Flails
 13243 | D:12     | Received a gift from Okawaru
 13327 | D:12     | Noticed a cyan ugly thing
 13393 | D:12     | Reached XP level 12. HP: 90/102 MP: 15/15
 13453 | D:12     | Reached skill level 5 in Fighting
 13464 | D:12     | Received a gift from Okawaru
 14343 | D:12     | Found a staircase to the Orcish Mines.
 14467 | Lair:1   | Entered Level 1 of the Lair of Beasts
 14680 | Lair:1   | Received a gift from Okawaru
 14985 | Lair:1   | Found a labyrinth entrance.
 14993 | Lair:1   | i'll die to a minotaur, won't i
 14993 | Lair:1   | fuck it, i'm not going
 15660 | Lair:1   | Reached skill level 12 in Maces & Flails
 15989 | Lair:2   | Noticed Duffy's ghost (journeyman GrEE)
 16004 | Lair:1   | Received a gift from Okawaru
 17014 | Lair:2   | AC++++ EV++++
 17014 | Lair:2   | sure
 17014 | Lair:2   | easy
 17037 | Lair:1   | at least in spider form i have 1.0 movement speed
 17413 | Lair:2   | HP: 7/105 [spiny frog (7)]
 17414 | Lair:2   | Slain by Duffy's ghost

Vault maps used:
D:1:      nicolae_arrival_washed_ashore
D:3:      uniq_sigmund
D:4:      corexii_shack_village, cheibrodos_ashenzari_chains, fedhas_altar_1
D:5:      first_bread
D:6:      minmay_temple_entry_fiery, uniq_crazy_yiuf_cottage
D:7:      corexii_shantytown, the_bakery
D:8:      basic_altar
D:9:      kennysheep_mini, yredelemnul_altar_generic
D:10:     uniq_josephine
D:11:     due_lair_maze_entry_diamond, serial_shops, shop_statue,
          minmay_nine_imps
D:12:     kennysheep_orc_monster_closet_entryway, serial_shops, shop_statue
Temple:   grunt_wide_crystal_templ_18
Lair:1:   lab_entry_generic, serial_bayou_shore_a, grunt_megastairs_3
Lair:2:   portal_ice_cave_entry_ice_beasts, lemuel_fruit_fields

Skill      XL: |  1  2  3  4  5  6  7  8  9 10 11 12 |
---------------+-------------------------------------+-----
Stealth        | 2 4 |  4.5
Transmutations | 3 4 5 |  5.1
Poison Magic   | 3 4 5 |  5.1
Fighting       | 2 3 4 6 |  6.2
Axes           | 3 4 |  4.4
Armour         | 1 2 |  2.1
Maces & Flails | 4 9 10 11 12 | 12.4
Shields        | 2 |  2.4
Throwing       | 1 6 8 9 |  9.0
Invocations    | 3 5 6 |  6.0
Translocations | 2 |  2.4
Dodging        | |  1.5
Unarmed Combat | |  3.0
Spellcasting   | |  2.0

Action                   |  1- 3 |  4- 6 |  7- 9 | 10-12 || total
-------------------------+-------+-------+-------+-------++-------
Melee: Whip              |    65 |   155 |    86 |       ||   306
       Punch             |     1 |     2 |     5 |       ||     8
       Unarmed           |       |       |     6 |       ||     6
       Morningstar       |       |       |   272 |   988 ||  1260
       War axe           |       |       |    28 |       ||    28
Throw: Stone             |     1 |     3 |     1 |       ||     5
       Tomahawk          |       |       |     2 |    12 ||    14
 Cast: Sticks to Snakes  |     2 |     4 |    17 |     7 ||    30
       Spider Form       |       |       |     1 |     4 ||     5
       Repel Missiles    |       |       |       |     2 ||     2
Invok: Heroism           |       |       |     3 |    13 ||    16
 Abil: Spit Poison       |    19 |       |       |       ||    19
       Breathe Poison Ga |     3 |    18 |    34 |    53 ||   108
Evoke: Wand              |       |       |     6 |       ||     6
  Use: Scroll            |     8 |     2 |    10 |     9 ||    29
       Potion            |     1 |       |     2 |     2 ||     5
 Stab: Sleeping          |     2 |    14 |    10 |    10 ||    36
       Confused          |       |       |     2 |       ||     2
       Distracted        |       |       |       |     2 ||     2
       Held in net/web   |       |       |       |     1 ||     1
  Eat: Chunk             |     3 |    10 |    25 |    28 ||    66
       Fruit             |       |       |     5 |       ||     5
       Beef jerky        |       |       |       |     2 ||     2
       Royal jelly       |       |       |       |     2 ||     2
       Pizza             |       |       |       |     1 ||     1
Armor: Robe              |    23 |    49 |    40 |       ||   112
       Ring mail         |       |       |   118 |   434 ||   552
Dodge: Dodged            |    69 |    91 |   182 |   347 ||   689
       Deflected         |       |       |       |     2 ||     2
Block: Other             |       |     3 |    23 |       ||    26
       Reflection        |       |       |     6 |    13 ||    19
       Buckler           |       |       |    88 |   350 ||   438
